 Dungeon Crawl Stone Soup version 0.29-a0-322-g68df515 (webtiles) character file.

Game seed: 5367045213539036323

15 Nithhogg the Skirmisher (level 2, -9/27 HPs)
             Began as a Hill Orc Fighter on Apr 8, 2022.
             Mangled by a gnoll
             ... wielding a +0 flail
              (10 damage)
             ... on level 1 of the Dungeon.
             The game lasted 00:00:42 (437 turns).

Nithhogg the Skirmisher (Hill Orc Fighter)           Turns: 437, Time: 00:00:42

Health: -9/27      AC:  6    Str: 18    XL:     2   Next: 50%
Magic:  2/2        EV:  9    Int:  8    God:
Gold:   47         SH:  0    Dex: 10    Spells: 1/1 levels left

rFire   . . .      SeeInvis .   a - +0 war axe
rCold   . . .      Faith    .   (no shield)
rNeg    . . .      Spirit   .   b - +0 scale mail
rPois   .          Reflect  .   (no helmet)
rElec   .          Harm     .   (no cloak)
rCorr   .          Rampage  .   (no gloves)
Will    .....                   (no boots)
Stlth   ..........              (no amulet)
HPRegen 0.09/turn               (no ring)
MPRegen 0.08/turn               (no ring)

@: no status effects
A: no striking features
a: no special abilities


You were on level 1 of the Dungeon.
You visited 1 branch of the dungeon, and saw 1 of its levels.

You collected 47 gold pieces.

Inventory:

Hand Weapons
 a - a +0 war axe (weapon)
Armour
 b - a +0 scale mail (worn)
 c - a +0 buckler
Potions
 d - a potion of might
 e - a potion of flight {unknown}
 f - a potion of berserk rage {unknown}
 g - a potion of curing {unknown}


   Skills:
 + Level 4.2 Fighting
 + Level 3.0 Axes
 + Level 3.4 Armour
 - Level 3.2 Shields


You had one spell level left.
You didn't know any spells.
Your spell library was empty.

Dungeon Overview and Level Annotations

Branches:
Dungeon (1/15)

Altars:


Message History

A gnoll comes into view. It is wielding a +0 flail.
Found 14 gold pieces.
The gnoll shouts!
You hit the gnoll but do no damage. The gnoll hits you with a +0 flail.
You hit the gnoll.
The gnoll is lightly wounded.
The gnoll hits you with a +0 flail.
You slash the gnoll!
The gnoll is almost dead.
The gnoll hits you with a +0 flail. x2
You closely miss the gnoll.
The gnoll is almost dead.
The gnoll hits you with a +0 flail.
You are too injured to fight recklessly!
You are too injured to fight recklessly!
You are too injured to fight recklessly!
You are too injured to fight recklessly!
You are too injured to fight recklessly!
You are too injured to fight recklessly!
You are too injured to fight recklessly!
You are too injured to fight recklessly!
You are too injured to fight recklessly!
You are too injured to fight recklessly!
You are too injured to fight recklessly!
You are too injured to fight recklessly!
You are too injured to fight recklessly!
You barely miss the gnoll.
The gnoll is almost dead.
The gnoll barely misses you.
You barely miss the gnoll.
The gnoll is almost dead.
The gnoll hits you with a +0 flail!
* * * LOW HITPOINT WARNING * * *
The gnoll barely misses you.
You barely miss the gnoll.
The gnoll is almost dead.
The gnoll hits you with a +0 flail.
* * * LOW HITPOINT WARNING * * *
The gnoll attacks as you move away! The gnoll hits you with a +0 flail!
You die...

.....# #. ###.#### .^##+#
#.#####.# '## #.......#####
..# ##....###...
..########...# #..#
#...§§≈§###..# #..# #
....§§§§≈≈#.## #..###..#
#..#..§≈§.§..###.......#
#.....§§§.≈#.##.@g......
..##§.....#§.##.##$..###
.#≈.§..#..≈#..#.######
....................#########
###...##.####.#.###.#.......#
###...##.## #.#.###.#..†....#
...........#. #..##.#.......#
............. ##.##.........#
...........#..##.#..........#


You could see a gnoll.

Vanquished Creatures
  2 dart slugs (D:1)
  An endoplasm (D:1)
  A goblin (D:1)
  A hobgoblin (D:1)
  3 ball pythons (D:1)
  2 bats (D:1)
  A kobold (D:1)
  A rat (D:1)
12 creatures vanquished.

Notes
Turn   | Place    | Note
-------+----------+-------------------------------------------
     0 | D:1      | Nithhogg the Hill Orc Fighter began the quest for the Orb.
     0 | D:1      | Reached XP level 1. HP: 19/19 MP: 1/1
    68 | D:1      | Reached skill level 4 in Fighting
   178 | D:1      | Reached XP level 2. HP: 27/27 MP: 2/2
   436 | D:1      | HP: 1/27 [gnoll/+0 flail (3)]
   437 | D:1      | Mangled by a gnoll

Illustrated notes

Levels and vault maps discovered:
D:1:      denvon_arrival_hothouse, layout_loops_cross, minmay_tripent

Skill      XL: |  1  2 |
---------------+-------+-----
Fighting       | 4 |  4.2
Axes           | 3 |  3.0
Armour         | |  3.4
Shields        | |  3.2

Action                   || total
-------------------------++-------
Melee: War axe           ||    28
Armor: Scale mail        ||    12
Dodge: Dodged            ||    18

Table legend: (Time is in decaauts)
 A = Elapsed time spent in this place.
 B = Non-inter-level travel time spent in this place.
 C = Inter-level travel time spent in this place.
 D = Time resting spent in this place.
 E = Time spent auto-exploring this place.
 F = Levels seen in this place.
 G = Mean time per level.
                   A        B        C        D        E       F      G
               +--------+--------+--------+--------+--------+-----+--------+
         Total |    447 |    447 |      0 |      0 |    361 |   1 |  447.0 |
       Dungeon |    447 |    447 |      0 |      0 |    361 |   1 |  447.0 |
               +--------+--------+--------+--------+--------+-----+--------+

Top non-repeatable levels by time:
     D:1: 447 daAuts
